 Dungeon Crawl Stone Soup version bcrawl-1.38.3 (webtiles) character file.

Game seed: 5424673115832621371

10593170 kosoiffoigrumme1174 the Trollish Catastrophe (level 17, -2/170 HPs)
             Began as a Troll Archaeologist on June 15, 2023.
             Was an Elder of Qazlal.
             Killed from afar by a salamander mystic (24 damage)
             ... with a lance of force
             ... on level 1 of the Snake Pit on June 16, 2023.
             The game lasted 01:54:18 (26424 turns).

kosoiffoigrumme1174 (TrAc)                         Turns: 26424, Time: 01:54:19

Health: -2/170     AC: 12    Str: 23    XL:     17   Next: 1%
Magic:  30/34      EV:  5    Int: 11    God:    Qazlal [****..]
Gold:   212        SH: 24    Dex: 13    Spells: 8/16 levels left

rFire    + . .     GDR:     28% b - +5 hand crossbow (velocity)
rCold    + . .     SeeInvis .   f - +3 large shield {rF+}
rNeg     . . .     Gourm    +   (armour unavailable)
rPois    .         Faith    .   d - +0 hat {MR+}
rElec    .         Spirit   .   (no cloak)
rCorr    .         Reflect  .   (gloves unavailable)
MR       +++..                  (boots unavailable)
Stlth    +.........             y - amulet of magic regeneration
HPRegen  1.18/turn              z - ring of magical power
MPRegen  0.60/turn              T - ring of protection from magic

@: lethally poisoned (-2 -> -3), exhausted, repel missiles
A: large, almost no armour, claws 3, cold resistance 1, fast metabolism 3,
gourmand, regeneration 2, AC +12
}: 1/15 runes: barnacled
a: Upheaval, Elemental Force, Renounce Religion


You were on level 1 of the Snake Pit.
You worshipped Qazlal.
Qazlal was greatly pleased with you.
You were not hungry.

You visited 6 branches of the dungeon, and saw 24 of its levels.

You collected 2064 gold pieces.
You spent 1852 gold pieces at shops.

Inventory:

Hand Weapons
 b - a +5 hand crossbow of velocity (weapon)
Missiles
 j - 103 large rocks
 p - 1612 poisoned tomahawks
 w - 9 throwing nets {=f}
 O - 577 bolts (quivered)
 P - 2344 arrows
Armour
 d - a +0 hat of magic resistance (worn)
 f - a +3 large shield of fire resistance (worn)
Jewellery
 s - an uncursed amulet of faith
 y - an amulet of magic regeneration (around neck)
 z - a ring of magical power (left claw)
 T - a ring of protection from magic (right claw)
 X - an uncursed ring of insulation
Wands
 c - a wand of clouds (15)
 m - a wand of scattershot (5)
 t - a wand of disintegration (11)
 D - a wand of flame (31)
 I - a wand of acid (9)
 K - a wand of iceblast (3)
 V - a wand of digging (12)
 Y - a wand of random effects (22)
Scrolls
 a - 3 scrolls of immolation
 g - 4 scrolls of magic mapping
 n - 6 scrolls of remove curse
 q - 2 scrolls of vulnerability
 u - 4 scrolls of noise
 A - 5 scrolls of fear
 B - 3 scrolls of blinking
 E - 8 scrolls of amnesia
 H - 12 scrolls of teleportation
 L - a scroll of fog
 M - a scroll of summoning
 Q - 3 scrolls of torment
 R - 2 scrolls of silence
 W - 2 scrolls of brand weapon
Potions
 h - 9 potions of might
 i - 2 potions of haste
 k - 7 potions of curing
 l - 3 potions of invisibility
 o - 6 potions of agility
 v - 11 potions of lignification
 x - 3 potions of brilliance
 C - a potion of flight
 F - 4 potions of berserk rage
 G - 7 potions of mutation
 J - 7 potions of heal wounds
 N - 3 potions of magic
 S - 2 potions of cancellation
Miscellaneous
 r - a fan of gales (inert)
 U - a phantom mirror
 Z - a lamp of fire
Comestibles
 e - 46 rations {!d}


   Skills:
 - Level 11.1 Fighting
   Level 1.0 Maces & Flails
   Level 3.3(4.2) Slings
 - Level 2.1 Crossbows
 - Level 5.1(6.0) Throwing
 - Level 2.4 Dodging
 - Level 1.7 Stealth
 - Level 7.7 Shields
 - Level 10.0 Unarmed Combat
 - Level 10.3 Transmutations
 + Level 5.7 Poison Magic
 - Level 12.8 Invocations
 - Level 10.0 Evocations


You had 8 spell levels left.
You knew the following spells:

 Your Spells              Type           Power        Failure   Level  Hunger
a - Sticks to Snakes      Tmut           ###.....     19%         2    ####...
b - Mephitic Cloud        Conj/Pois/Air  #.......     100%        3    #####..
c - Ignite Poison         Fire/Tmut/Pois ##......     95%         3    #####..

Your spell library contained the following spells:

 Spells                   Type           Power        Failure   Level  Hunger
 Beastly Appendage        Tmut           ###...       12%         1    None
 Spider Form              Tmut/Pois      ###          67%         3    #####..
 Passwall                 Tmut/Erth      ##......     83%         2    ####...
 Blade Hands              Tmut           ###.......   98%         5    #######
 Apportation              Tloc           #.....       100%        1    None
 Magic Dart               Conj           #...         100%        1    None
 Summon Butterflies       Summ           #.......     100%        1    None
 Summon Small Mammal      Summ           #...         100%        1    None
 Call Imp                 Summ           #.....       100%        2    ####...
 Searing Ray              Conj           #.......     100%        2    ####...
 Shock                    Conj/Air       #......      100%        2    ####...
 Sublimation of Blood     Necr           #.........   100%        2    ####...
 Beckoning                Tloc           #.........   100%        3    #####..
 Call Canine Familiar     Summ           #.......     100%        3    #####..
 Confuse                  Hex            #.......     100%        3    #####..
 Dazzling Orbs            Conj/Hex       #......      100%        3    #####..
 Iskenderun's Mystic Bla  Conj           #.......     100%        3    #####..
 Tukima's Dance           Hex            #.......     100%        3    #####..
 Fulminant Prism          Conj/Hex       #.........   100%        4    ######.
 Ice Form                 Ice/Tmut       ##......     100%        4    ######.
 Lightning Bolt           Conj/Air       #.......     100%        4    ######.
 Petrify                  Tmut/Erth      ##........   100%        4    ######.
 Sticky Flame             Conj/Fire      #.......     100%        4    ######.
 Summon Ice Beast         Ice/Summ       #.......     100%        4    ######.
 Yara's Violent Unravell  Hex/Tmut       ##........   100%        4    ######.
 Irradiate                Conj/Tmut      ##........   100%        5    #######
 Silence                  Hex/Air        #.........   100%        5    #######
 Summon Lightning Spire   Summ/Air       #.......     100%        5    #######
 Conjure Ball Lightning   Conj/Air       #.........   100%        6    #######
 Deflect Missiles         Chrm/Air       #.........   100%        6    #######
 Invisibility             Hex            #.......     100%        6    #######
 Ozocubu's Refrigeration  Ice            #.........   100%        6    #######
 Virulence                Hex/Pois       #.......     100%        6    #######


Dungeon Overview and Level Annotations

Branches:
Dungeon (12/12)            Temple (1/1) D:5            Lair (6/6) D:7
 Shoals (3/3) Lair:4        Snake (1/3) Lair:3        Slime (0/5) Lair:6
    Orc (1/1) D:11            Elf (0/3) Orc          Vaults (0/3) D:12
 Depths (0/5) D:12

Altars:
Ashenzari
Cheibriados
Dithmenos
Elyvilon
Fedhas
Gozag
Hepliaklqana
Kikubaaqudgha
Lugonu
Makhleb
Nemelex Xobeh
Okawaru
Qazlal
Ru
Sif Muna
Trog
Uskayaw
Vehumet
Wu Jian
Xom
Yredelemnul
Zin
The Shining One
Jiyva

Shops:
D:5 %}}![!   D:8 %   Orc [:%*   Shoals:3 :}:!   Snake:1 }(:!

Portals:
Trove: D:11 (give +4 steam dragon scales)

Annotations:
D:5 2 runed translucent doors, raymondlaser's ghost, novice SDNe
D:6 2 transporters, kosoiffoigrumme1174's ghost, novice TrAc
D:8 2 transporters, Cris's ghost, novice FrAE


Innate Abilities, Weirdness & Mutations

You cannot wear most types of armour.
Your thick skin is tough. (AC +12)
You are too large for most types of armour.
You have claws for hands.
Your flesh is cold resistant. (rC+)
Your metabolism is lightning-fast.
You like to eat raw meat.
You heal very quickly.


Message History

Attack!
You feel sick.
The mana viper is engulfed in blazing flames.
The mana viper barely misses your fire elemental.
Something barely misses your fire elemental.
The naga ritualist is engulfed in blazing flames.
You kill the naga ritualist!
Qazlal accepts your kill.
The mana viper disappears in a puff of smoke!
The redback disappears in a puff of smoke!
The salamander mystic gestures at you while chanting.
You partially resist. The bolt of magma hits you!!
* * * LOW HITPOINT WARNING * * *
You feel sick.
Your air elemental hits the salamander mystic.
Your air elemental hits the salamander mystic!
Your fire elemental hits the salamander.
The salamander mystic casts a spell at you.
The lance of force misses your air elemental.
The lance of force hits you!!
You die...

##.......... #...........
#........... #...........
#........... #########
#..r........
?...[...##############§○§........
...)<[.[.##.......NNEEE°§........
.###.###..#....°@E######.........
##)..).##......§..# ######.#..
#...(...######..#.# #.#..
.........## #....... #.###
....∩.....###.#.####.# ###
...........#..#.# #
...###.....#.##.#
.∩.#♣#.∩.⌠...##.#
...###.....####.#


You could see a salamander mystic (inner flame), a salamander (inner flame), 3
friendly fire elementals and a friendly air elemental.

Vanquished Creatures
  Mara (Shoals:2)
  Gastronok (Lair:1)
  Rupert (D:11)
  Jorgrun (Shoals:3)
  A kraken (Shoals:2)
  A sphinx (D:9)
  A nagaraja (Snake:1)
  Aizul (Shoals:3)
  A juggernaut skeleton (D:12)
  Snorg (D:12)
  4 merfolk javelineers
  4 merfolk impalers
  Fannar (D:12)
  A rakshasa (Snake:1)
  4 hydras
  3 naga warriors (Snake:1)
  Erolcha (D:9)
  2 anacondas (Snake:1)
  5 catoblepae
  An ogre mage (D:12)
  3 alligator snapping turtles
  A merfolk avatar (Shoals:1)
  5 merfolk aquamancers
  Sonja (Lair:2)
  4 two-headed ogres
  15 death yaks
  A deep troll shaman (Lair:6)
  A satyr (Shoals:2)
  3 sea snakes
  A vampire mage (D:12)
  A tengu warrior (D:12)
  4 orc high priests (Orc)
  2 skeletal warriors (D:12)
  A fire crab (Shoals:2)
  A naga ritualist (Snake:1)
  7 harpies
  5 orc knights
  A wolf spider zombie (D:10)
  3 cyclopes
  4 ugly things
  3 orc sorcerers (Orc)
  A mana viper (Snake:1)
  11 manticores
  A necromancer (D:12)
  An oklob plant (Lair:3)
  9 fauns
  2 salamanders (Snake:1)
  8 elephants
  7 water nymphs
  A guardian serpent (Snake:1)
  A stone giant skeleton (D:12)
  5 naga magi
  14 black mambas
  7 merfolk sirens
  A gargoyle (D:10)
  Joseph (D:8)
  3 kobold demonologists
  7 cane toads
  5 komodo dragons
  2 tengu conjurers
  A yaktaur skeleton (D:12)
  2 eyes of draining
  Maurice (D:8)
  2 meliai (D:12)
  20 merfolk
  4 trolls
  5 wind drakes
  A polar bear (Lair:4)
  2 harpy skeletons (D:11)
  6 slime creatures (D:10)
  Prince Ribbit (D:8)
  5 blink frogs (Lair:3)
  5 snapping turtles
  10 hippogriffs
  26 dream sheep
  An ettin skeleton (D:12)
  A vampire (D:10)
  2 wyverns
  8 water elementals
  5 basilisks
  3 wraiths
  51 yaks
  A hungry ghost (D:11)
  4 water moccasins
  2 nagas (Lair:3)
  11 crocodiles
  2 wargs
  An acid dragon (D:9)
  A water moccasin (shapeshifter) (D:12)
  18 orc warriors
  10 porcupines
  A hornet zombie (D:8)
  5 sky beasts
  4 necrophages (D:10)
  2 black bears
  5 ice beasts
  3 phantoms
  8 ogres
  6 wolves (Lair:6)
  14 bullfrogs
  6 kobold brigands
  3 centaurs (Lair:4)
  A wyvern skeleton (D:9)
  A hornet simulacrum (D:12)
  5 killer bees
  A scorpion (D:9)
  2 troll zombies (D:11)
  4 wights
  3 howler monkeys
  An electric eel (D:7)
  13 orc priests
  9 crimson imps
  2 human zombies (D:10)
  7 hounds
  A gnoll shaman (D:7)
  2 bullfrog skeletons
  A human skeleton (D:10)
  6 iguanas
  8 worker ants
  17 orc wizards
  6 ogre zombies (D:11)
  A hound zombie (D:7)
  3 mummies (D:10)
  Robin (D:2)
  7 adders
  7 gnolls
  2 shadow imps
  An ooze (D:1)
  An adder zombie (D:5)
  3 worms
  4 leopard geckos
  63 orcs
  A ball python (D:6)
  6 giant cockroaches
  10 goblins
  11 hobgoblins
  7 jackals
  3 quokkas
  9 bats
  7 frilled lizards
  A goblin zombie (D:11)
  A hobgoblin skeleton (D:11)
  4 hobgoblin zombies (D:11)
  31 kobolds
  2 orc skeletons (D:11)
  17 orc zombies (D:11)
  A quokka skeleton (D:6)
  3 rats
  3 plants
  A tentacle (Shoals:2)
760 creatures vanquished.

Vanquished Creatures (collateral kills)
  Polyphemus (Shoals:3)
  Donald (Shoals:2)
  A two-headed ogre (D:12)
  A death yak (Shoals:3)
  A meliai (D:12)
5 creatures vanquished.

Vanquished Creatures (others)
  A harpy (Shoals:2)
  A merfolk siren (Shoals:2)
  A water nymph (Shoals:2)
  An orc priest (Orc)
  2 bushes (D:7)
  21 fungi
  18 plants
  11 tentacles (Shoals:2)
  4 withered plants (D:12)
60 creatures vanquished.

Grand Total: 825 creatures vanquished

Notes
Turn   | Place    | Note
-------+----------+-------------------------------------------
     0 | D:1      | kosoiffoigrumme1174 the Troll Archaeologist began the quest
                  | for the Orb.
     0 | D:1      | Reached XP level 1. HP: 18/18 MP: 0/0
     9 | D:1      | Reached skill level 1 in Fighting
   103 | D:1      | Reached XP level 2. HP: 28/28 MP: 1/1
   429 | D:1      | Reached XP level 3. HP: 36/36 MP: 2/2
  1429 | D:2      | Noticed Robin
  1448 | D:2      | Killed Robin
  1449 | D:2      | Gained mutation: Your natural rate of healing is unusually
                  | fast. [Troll growth]
  1449 | D:2      | Reached XP level 4. HP: 17/45 MP: 3/3
  2017 | D:3      | Noticed a sky beast
  2036 | D:3      | Killed a sky beast
  2037 | D:3      | Reached XP level 5. HP: 11/55 MP: 4/4
  2037 | D:3      | Identified a scroll of acquirement
  2072 | D:3      | Identified the amulet "Joasul" {Regen *Corrode +Inv Dex+6}
                  | (You acquired it on level 3 of the Dungeon)
  2408 | D:3      | Found a faded altar of an unknown god.
  2800 | D:4      | Got a fading dagger
  2912 | D:4      | Reached skill level 1 in Shields
  3127 | D:4      | Reached XP level 6. HP: 53/63 MP: 5/5
  3268 | D:4      | Got a crystal rapier
  3352 | D:5      | Entered Level 5 of the Dungeon
  3354 | D:5      | Found a runed translucent door.
  3361 | D:5      | Noticed an ice beast
  3378 | D:5      | Killed an ice beast
  3384 | D:5      | Found Yluruxki's Distillery.
  3395 | D:5      | Bought a potion of lignification for 39 gold pieces
  3395 | D:5      | Bought a potion of lignification for 39 gold pieces
  3608 | D:5      | Found Qyfe Dia's Gadget Boutique.
  3692 | D:5      | Found a runed translucent door.
  3697 | D:5      | Noticed raymondlaser's ghost (novice SDNe)
  3712 | D:5      | Found Huippip's Distillery.
  3716 | D:5      | Bought a potion of heal wounds for 55 gold pieces
  3768 | D:5      | Found Gaby's Armour Emporium.
  3921 | D:5      | Reached XP level 7. HP: 49/71 MP: 6/6
  4166 | D:5      | Found Ytsagg's Food Emporium.
  4187 | D:5      | Found a staircase to the Ecumenical Temple.
  4221 | Temple   | Entered the Ecumenical Temple
  4413 | Temple   | Became a worshipper of Qazlal Stormbringer
  4445 | D:5      | Found Gysimod's Gadget Boutique.
  4737 | D:5      | Reached XP level 8. HP: 97/97 MP: 7/7
  4738 | D:5      | Identified the cursed +0 dagger "Utaapno" {drain, rC+} (You
                  | found it on level 4 of the Dungeon)
  4740 | D:5      | Identified the +4 rapier "Udghul" {freeze, rPois} (You
                  | found it on level 4 of the Dungeon)
  4743 | D:5      | Reached skill level 9 in Invocations
  4743 | D:5      | Reached XP level 9. HP: 105/105 MP: 7/14
  5011 | D:6      | Found a transporter.
  5013 | D:6      | Noticed kosoiffoigrumme1174's ghost (novice TrAc)
  5015 | D:6      | Found a transporter.
  5440 | D:6      | Reached * piety under Qazlal
  5744 | D:7      | Found a corrupted altar of Lugonu.
  5897 | D:7      | Reached XP level 10. HP: 71/113 MP: 16/16
  5939 | D:7      | Found a hide-covered altar of Uskayaw.
  5940 | D:7      | Found a sparkling altar of Nemelex Xobeh.
  5940 | D:7      | Found an iron altar of Okawaru.
  5941 | D:7      | Found a shattered altar of Ashenzari.
  5941 | D:7      | Found a shimmering blue altar of Sif Muna.
  6323 | D:7      | Reached skill level 10 in Invocations
  6331 | D:7      | Reached skill level 1 in Unarmed Combat
  6409 | D:7      | Found a staircase to the Lair.
  6527 | D:7      | Reached ** piety under Qazlal
  6641 | D:7      | Found a shimmering altar of Xom.
  6960 | Lair:1   | Entered Level 1 of the Lair of Beasts
  7037 | Lair:1   | Noticed Gastronok
  7059 | Lair:1   | HP: 4/113 [shadow imp/nerve-wracking pain[Gastronok] (13)]
  7073 | Lair:1   | HP: 5/113 [shadow imp/nerve-wracking pain[Gastronok] (12)]
  7254 | Lair:1   | Killed Gastronok
  7255 | Lair:1   | Reached XP level 11. HP: 120/120 MP: 17/17
  7887 | Lair:1   | Reached skill level 10 in Unarmed Combat
  7925 | Lair:1   | Reached skill level 1 in Slings
  8409 | Lair:2   | Reached *** piety under Qazlal
  8571 | Lair:2   | Noticed Sonja
  8587 | Lair:2   | Killed Sonja
  8781 | Lair:2   | Reached skill level 1 in Crossbows
  8781 | Lair:2   | Gained mutation: You heal very quickly. [Troll growth]
  8781 | Lair:2   | Reached XP level 12. HP: 130/130 MP: 18/18
  9201 | Lair:2   | Learned a level 2 spell: Sticks to Snakes
 10087 | Lair:3   | Reached skill level 1 in Transmutations
 10478 | Lair:3   | Reached **** piety under Qazlal
 10575 | Lair:3   | Found a staircase to the Snake Pit.
 11440 | Lair:4   | Found a staircase to the Shoals.
 11811 | Lair:4   | Reached skill level 5 in Transmutations
 12552 | Lair:6   | Entered Level 6 of the Lair of Beasts
 12615 | Lair:6   | Reached skill level 1 in Evocations
 12669 | Lair:6   | Reached XP level 13. HP: 137/137 MP: 19/19
 12895 | Lair:6   | Reached ***** piety under Qazlal
 12937 | Lair:6   | Reached skill level 5 in Evocations
 13670 | Lair:6   | Found a viscous altar of Jiyva.
 13670 | Lair:6   | Found a staircase to the Slime Pits.
 13928 | Lair:6   | Reached XP level 14. HP: 146/146 MP: 15/20
 13966 | Lair:6   | Got a glittering glass ring
 14422 | D:5      | Bought a lamp of fire for 400 gold pieces
 14548 | D:8      | Noticed Prince Ribbit
 14581 | D:8      | Killed Prince Ribbit
 14588 | D:8      | Noticed Joseph
 14597 | D:8      | Killed Joseph
 14758 | D:8      | Found a transporter.
 14758 | D:8      | Noticed Cris's ghost (novice FrAE)
 14759 | D:8      | Identified the +10 great mace of Cruel Justice {freeze, rC+
                  | Dex+3 SInv}
 14759 | D:8      | Identified the +2 dire flail "Numugihy" {drain, rPois rF+++
                  | rC- Dex+2}
 14762 | D:8      | Found a transporter.
 14989 | D:8      | Found Kumerupt's Food Shoppe.
 15063 | D:8      | Noticed Maurice
 15161 | D:8      | Killed Maurice
 15615 | D:9      | Noticed Erolcha
 15670 | D:9      | Killed Erolcha
 16390 | D:9      | Noticed a sphinx
 16402 | D:9      | Killed a sphinx
 16545 | D:10     | Entered Level 10 of the Dungeon
 17011 | D:10     | Reached ****** piety under Qazlal
 17014 | D:10     | Found an ancient bone altar of Kikubaaqudgha.
 17427 | D:10     | Identified the ring "Itrequp" {rF- Str+2 Int+6 Stlth+} (You
                  | found it on level 6 of the Lair of Beasts)
 17981 | D:11     | Found a staircase to the Orcish Mines.
 18123 | D:11     | Found a portal to a secret trove of treasure.
 18227 | Orc      | Entered the Orcish Mines
 18783 | Orc      | Found a staircase to the Elven Halls.
 18992 | Orc      | Found Couph's Armour Shop.
 18992 | Orc      | Found Plog's Book Shoppe.
 18996 | Orc      | Found Suexael's Food Shop.
 18996 | Orc      | Found Unowoser's General Store.
 19008 | Orc      | Bought a scroll of identify for 30 gold pieces
 19293 | D:12     | Entered Level 12 of the Dungeon
 19404 | D:12     | Reached XP level 15. HP: 69/153 MP: 13/21
 19416 | D:12     | HP: 5/153 [ogre mage/iron shot (36)]
 19496 | D:12     | Reached skill level 10 in Transmutations
 19602 | D:12     | Noticed Snorg
 19614 | D:12     | Killed Snorg
 19655 | D:12     | Found a gate to the Vaults.
 19836 | D:12     | Found a staircase to the Depths.
 19856 | D:12     | Reached skill level 11 in Invocations
 20067 | D:12     | Found a shattered altar of Ashenzari.
 20068 | D:12     | Noticed Rupert
 20125 | D:11     | Killed Rupert
 20126 | D:11     | Reached skill level 5 in Shields
 20300 | D:12     | Noticed Fannar
 20323 | D:12     | Killed Fannar
 20863 | Shoals:1 | Entered Level 1 of the Shoals
 22130 | Shoals:2 | Noticed Donald
 22137 | Shoals:2 | Killed Donald
 22526 | Shoals:2 | Noticed a kraken
 22544 | Shoals:2 | Killed a kraken
 22545 | Shoals:2 | Gained mutation: Your flesh is cold resistant. (rC+) [Troll
                  | growth]
 22545 | Shoals:2 | Reached XP level 16. HP: 162/162 MP: 21/23
 23002 | Shoals:3 | Entered Level 3 of the Shoals
 23108 | Shoals:3 | Noticed Aizul
 23119 | Shoals:3 | Killed Aizul
 23281 | Shoals:3 | Found Boqu's Book Shop.
 23487 | Shoals:3 | Reached skill level 10 in Evocations
 23493 | Shoals:3 | Noticed Mara
 23712 | Shoals:2 | Killed Mara
 23713 | Shoals:2 | Reached skill level 12 in Invocations
 24275 | Shoals:3 | Got a barnacled rune of Zot
 24445 | Shoals:3 | Found Atuf's Gadget Emporium.
 24656 | Shoals:3 | Reached skill level 1 in Throwing
 24830 | Shoals:3 | Noticed Polyphemus
 24836 | Shoals:3 | Killed Polyphemus
 24874 | Shoals:3 | Noticed Jorgrun
 24881 | Shoals:3 | Killed Jorgrun
 24982 | Shoals:3 | Found Gogucs's Distillery.
 24985 | Shoals:3 | Found Ihu Wano's Book Emporium.
 24991 | Shoals:3 | Bought a potion of lignification for 48 gold pieces
 24991 | Shoals:3 | Bought a potion of haste for 160 gold pieces
 24991 | Shoals:3 | Bought a potion of lignification for 48 gold pieces
 25058 | Shoals:3 | Reached skill level 5 in Throwing
 25352 | Shoals:3 | Bought the Incunabulum of Feathers for 507 gold pieces
 25356 | Shoals:3 | Learned a level 3 spell: Mephitic Cloud
 25568 | D:8      | Learned a level 3 spell: Ignite Poison
 25891 | Snake:1  | Entered Level 1 of the Snake Pit
 25891 | Snake:1  | Found Xyaredeu's Antique Weapon Emporium.
 25941 | Lair:3   | Reached skill level 1 in Poison Magic
 25967 | Snake:1  | Found Jiett's Distillery.
 25967 | Snake:1  | Found Ixkuxted's Gadget Emporium.
 26097 | Snake:1  | Found Isehak's Book Shoppe.
 26101 | Snake:1  | Bought a potion of curing for 32 gold pieces
 26101 | Snake:1  | Bought a potion of haste for 130 gold pieces
 26101 | Snake:1  | Bought a potion of agility for 52 gold pieces
 26101 | Snake:1  | Bought a potion of might for 52 gold pieces
 26101 | Snake:1  | Bought a potion of might for 52 gold pieces
 26101 | Snake:1  | Bought a potion of lignification for 39 gold pieces
 26101 | Snake:1  | Bought 2 potions of might for 104 gold pieces
 26101 | Snake:1  | Bought a potion of heal wounds for 65 gold pieces
 26382 | Snake:1  | Reached skill level 5 in Poison Magic
 26417 | Snake:1  | Reached XP level 17. HP: 80/170 MP: 25/25
 26424 | Snake:1  | Killed from afar by a salamander mystic

Skill      XL: |  1  2  3  4  5  6  7  8  9 10 11 12 13 14 15 16 |
---------------+-------------------------------------------------+-----
Fighting       | 1 2 3 4 11 | 11.1
Shields        | 1 3 4 7 |  7.7
Invocations    | 9 10 11 12 | 12.8
Unarmed Combat | 7 10 | 10.0
Slings         | 3 |  3.3
Crossbows      | 1 2 |  2.1
Transmutations | 6 9 10 | 10.3
Evocations     | 1 8 9 10 | 10.0
Throwing       | 5 |  5.1
Poison Magic   | 5 |  5.7
Maces & Flails | |  1.0
Dodging        | |  2.4
Stealth        | |  1.7

Action                   |  1- 3 |  4- 6 |  7- 9 | 10-12 | 13-15 | 16-18 || total
-------------------------+-------+-------+-------+-------+-------+-------++-------
Melee: Unarmed           |    47 |   136 |   207 |   431 |   755 |   254 ||  1830
 Fire: Hunting sling     |    94 |   109 |   104 |   152 |       |       ||   459
       Blowgun           |     2 |       |     3 |     3 |       |       ||     8
       Hand crossbow     |       |       |       |   140 |   544 |   111 ||   795
Throw: Stone             |       |       |       |     2 |       |       ||     2
       Tomahawk          |       |       |       |     1 |    15 |    41 ||    57
 Cast: Sticks to Snakes  |       |       |       |       |     1 |     3 ||     4
Invok: Upheaval          |       |       |       |     3 |    26 |    16 ||    45
       Elemental Force   |       |       |       |       |     2 |     6 ||     8
Evoke: Wand              |       |       |       |       |    13 |    15 ||    28
       Fan of gales      |       |       |       |       |     4 |     2 ||     6
       Lamp of fire      |       |       |       |       |     1 |       ||     1
  Use: Scroll            |       |     4 |     7 |     9 |     7 |     3 ||    30
       Potion            |       |       |     2 |     2 |       |       ||     4
 Stab: Petrified         |       |       |       |       |     2 |       ||     2
       Distracted        |       |       |       |       |     1 |       ||     1
  Eat: Chunk             |    18 |    17 |    27 |    65 |   100 |    27 ||   254
       Ration            |       |       |       |     1 |     2 |     1 ||     4
Armor: Skin              |    29 |    86 |    90 |    89 |   264 |    78 ||   636
Dodge: Dodged            |    28 |    17 |    16 |    61 |    63 |    32 ||   217
       Deflected         |       |       |       |     2 |    11 |    15 ||    28
Block: Large shield      |       |   147 |   184 |   466 |  1116 |   467 ||  2380
       Medium shield     |       |       |       |       |    17 |       ||    17
